 Dungeon Crawl Stone Soup version 0.20-a0-299-gec7c366 (webtiles) character file.

161 tboon the Chopper (level 5, -1/41 HPs)
             Began as a Demonspawn Gladiator on Dec 15, 2016.
             Slain by Natasha (5 damage)
             ... on level 2 of the Dungeon.
             The game lasted 00:05:09 (2122 turns).

tboon the Chopper (Demonspawn Gladiator)            Turns: 2122, Time: 00:05:10

Health: -1/41      AC:  3    Str: 15    XL:     5   Next: 18%
Magic:  5/5        EV: 13    Int:  9    God:
Gold:   96         SH:  0    Dex: 15    Spells: 4/4 levels left

rFire  . . .     SeeInvis .     a - +0 war axe
rCold  + . .     Gourm    .     b - +0 leather armour
rNeg   . . .     Faith    .     (no shield)
rPois  .         Spirit   .     (helmet restricted)
rElec  .         Reflect  .     (no cloak)
rCorr  .         Harm     .     (no gloves)
MR     .....                    (no boots)
Stlth  +.........               (no amulet)
                                (no ring)
                                (no ring)

@: no status effects
A: antennae 1, cold resistance 1
a: no special abilities


You were on level 2 of the Dungeon.
You were not hungry.

You visited 1 branch of the dungeon, and saw 2 of its levels.

You collected 96 gold pieces.

Inventory:

Hand Weapons
 a - a +0 war axe (weapon)
Missiles
 d - 3 throwing nets {=f, !d}
 g - 8 curare-tipped needles
Armour
 b - a +0 leather armour (worn)
 c - a +0 helmet
 j - a +0 chain mail
   (You found it on level 1 of the Dungeon)
 k - a +2 leather armour of fire resistance
   (You found it on level 1 of the Dungeon)
Jewellery
 o - an uncursed ring of resist corrosion {unknown}
   (You found it on level 2 of the Dungeon)
Scrolls
 e - a scroll of amnesia {unknown}
 m - a scroll of random uselessness {unknown}
 p - a scroll of remove curse {unknown}
Potions
 h - a potion of resistance {unknown}
 i - a potion of cure mutation {unknown}
 q - a potion of berserk rage {unknown}
Comestibles
 f - 4 bread rations
 l - a meat ration
 n - 4 chunks of flesh


   Skills:
 + Level 3.3 Fighting
 * Level 4.1 Axes
 - Level 1.7 Throwing
 + Level 3.5 Dodging


You had 4 spell levels left.
You didn't know any spells.

Dungeon Overview and Level Annotations

Branches:
Dungeon (2/15)

Altars:
Makhleb

Annotations:
D:2 Natasha


Innate Abilities, Weirdness & Mutations

You have a pair of small antennae on your head.
Your flesh is cold resistant. (rC+)


Message History

The crimson imp is moderately wounded.
The crimson imp barely misses you. The crimson imp hits you.
You hit the crimson imp.
The crimson imp is heavily wounded.
The crimson imp hits you.
You are too injured to fight recklessly!
You are too injured to fight recklessly!
You are too injured to fight recklessly!
You are too injured to fight recklessly!
You are too injured to fight recklessly!
You are too injured to fight recklessly!
You hit the crimson imp.
The crimson imp is severely wounded.
The crimson imp completely misses you.
You miss the crimson imp.
The crimson imp is severely wounded.
The crimson imp barely misses you.
You barely miss the crimson imp.
The crimson imp is severely wounded.
The crimson imp closely misses you. The crimson imp misses you.
You slash the crimson imp!
You kill the crimson imp!
Your Axes skill increases to level 4!
You have reached level 5!
Your demonic ancestry asserts itself...
A pair of antennae grows on your head!
Your +0 helmet falls away!
Things that are here:
a club; a hobgoblin corpse You butcher the hobgoblin corpse.
n - 4 chunks of flesh
Things that are here:
a club; a hobgoblin skeleton You start resting.
Natasha, Servant of Life and Death comes into view.
Found a burning altar of Makhleb.
There is an open door here.
You close the door.
You start resting.
HP restored.
As you open the door, it creaks loudly!
You hear an angry hiss.
Natasha stares at you and mumbles some strange words.
The magic dart hits you! Natasha claws you but does no damage.
There is an open door here.
You hit Natasha.
Natasha is lightly wounded.
Natasha closely misses you.
You hit Natasha but do no damage.
Natasha is lightly wounded.
Natasha barely misses you.
You barely miss Natasha.
Natasha is lightly wounded.
Natasha completely misses you.
You barely miss Natasha.
Natasha is lightly wounded.
Natasha barely misses you. Natasha closely misses you.
You barely miss Natasha.
Natasha is lightly wounded.
Natasha barely misses you.
You barely miss Natasha.
Natasha is lightly wounded.
Natasha claws you.
You closely miss Natasha.
Natasha is lightly wounded.
Natasha barely misses you. Natasha claws you!
You barely miss Natasha.
Natasha is lightly wounded.
Natasha misses you.
You closely miss Natasha.
Natasha is lightly wounded.
Natasha claws you!
You hit Natasha.
Natasha is lightly wounded.
Natasha closely misses you. x2
You closely miss Natasha.
Natasha is lightly wounded.
Natasha barely misses you.
You completely miss Natasha.
Natasha is lightly wounded.
Natasha closely misses you.
You barely miss Natasha.
Natasha is lightly wounded.
Natasha closely misses you.
You hit Natasha but do no damage.
Natasha is lightly wounded.
Natasha closely misses you. Natasha claws you!
* * * LOW HITPOINT WARNING * * *
You hit Natasha.
Natasha is moderately wounded.
Natasha stares at you and mumbles some strange words.
The magic dart hits you!
* * * LOW HITPOINT WARNING * * *
You hit Natasha.
Natasha is heavily wounded.
Natasha closely misses you.
You closely miss Natasha.
Natasha is heavily wounded.
Natasha claws you.
You die...

#...# ##.#.# ###..#.###
#.#...... #.......# #.#...#.##
####### #.#......### #......
#.#...h....# #.#####
######.#.)##@##..######.#####
.......†.##...# .............
.###.#.#.#.≈.≈.########.#####
#.#.#≈≈.≈≈# #.# #.#.#≈≈_≈≈# #.#
##.#####.#.#≈#∩#≈# #.#
#..........####### #####.#
########.#h.#########..†..#####
#.>.....................


You could see Natasha.

Vanquished Creatures
  A crimson imp (D:2)
  Natasha (D:2)
  2 adders (D:2)
  2 oozes (D:1)
  4 worms (D:2)
  A dart slug (D:2)
  A leopard gecko (D:2)
  3 ball pythons
  6 bats
  5 giant cockroaches
  4 hobgoblins (D:2)
  4 jackals (D:1)
  4 frilled lizards
  7 goblins
  10 kobolds
  7 rats
62 creatures vanquished.

Notes
Turn   | Place    | Note
-------+----------+-------------------------------------------
     0 | D:1      | tboon the Demonspawn Gladiator began the quest for the Orb.
     0 | D:1      | Reached XP level 1. HP: 16/16 MP: 1/1
   149 | D:1      | Reached skill level 3 in Axes
   149 | D:1      | Gained mutation: Your flesh is cold resistant. (rC+) [demonic ancestry]
   149 | D:1      | Reached XP level 2. HP: 12/22 MP: 2/2
   292 | D:1      | Reached skill level 3 in Dodging
   592 | D:1      | Reached XP level 3. HP: 28/28 MP: 3/3
  1516 | D:2      | Reached XP level 4. HP: 34/34 MP: 4/4
  1595 | D:2      | Reached skill level 3 in Fighting
  1839 | D:2      | Noticed Natasha
  1844 | D:2      | Killed Natasha
  1989 | D:2      | Reached skill level 4 in Axes
  1989 | D:2      | Gained mutation: You have a pair of small antennae on your head. [demonic ancestry]
  1989 | D:2      | Reached XP level 5. HP: 26/41 MP: 5/5
  2054 | D:2      | Noticed Natasha
  2055 | D:2      | Found a burning altar of Makhleb.
  2119 | D:2      | HP: 7/41 [Natasha (8)]
  2120 | D:2      | HP: 3/41 [Natasha/magic dart (4)]
  2122 | D:2      | Slain by Natasha

Vault maps used:
D:1:      eino_arrival_cavern_e, st_stairs_3, chequers_big_river
D:2:      makhleb_grotto_becter, lemuel_round_altar, moated_statue,
          minmay_joined_circles, uniq_natasha

Skill      XL: |  1  2  3  4 |
---------------+-------------+-----
Axes           | 3 4 |  4.1
Dodging        | 3 |  3.5
Fighting       | 3 |  3.3
Throwing       | |  1.7

Action                   |  1- 3 |  4- 6 || total
-------------------------+-------+-------++-------
Melee: War axe           |   105 |    72 ||   177
  Eat: Chunk             |     2 |     2 ||     4
Armor: Leather armour    |    25 |    13 ||    38
Dodge: Dodged            |    68 |    57 ||   125

Vault maps used:
D:1:      eino_arrival_cavern_e, st_stairs_3, chequers_big_river
D:2:      makhleb_grotto_becter, lemuel_round_altar, moated_statue,
          minmay_joined_circles, uniq_natasha

Table legend:
 A = Turns spent in this place as a percentage of turns spent in the entire game.
 B = Non-inter-level travel turns spent in this place as a percentage of non-inter-level travel turns spent in the entire game.
 C = Inter-level travel turns spent in this place as a percentage of turns spent in this place.
 D = Turns resting spent in this place as a percentage of non-inter-level travel turns spent in this place.
 E = Turns spent auto-exploring this place as a percentage of non-inter-level travel turns spent in this place.
 F = Non-inter-level travel turns spent in this place divided by the number of levels of this place that you've seen.
                   A       B       C       D       E      F
               +-------+-------+-------+-------+-------+----------------------
         Total | 100.0 | 100.0 |   0.2 |   3.7 |   8.0 | 267.5
       Dungeon | 100.0 | 100.0 |   0.2 |   3.7 |   8.0 | 267.5
               +-------+-------+-------+-------+-------+----------------------

Table legend:
 A = Kills in this place as a percentage of kills in entire the game.
 B = Kills by you in this place as a percentage of kills by you in the entire game.
 C = Kills by friends in this place as a percentage of kills by friends in the entire game.
 D = Other kills in this place as a percentage of other kills in the entire game.
 E = Experience gained in this place as a percentage of experience gained in the entire game.
 F = Experience gained in this place divided by the number of levels of this place that you have seen.
                   A       B       C       D       E      F
               +-------+-------+-------+-------+-------+----------------------
         Total | 100.0 | 100.0 |  -nan |  -nan | 100.0 | 115.0
       Dungeon | 100.0 | 100.0 |  -nan |  -nan | 100.0 | 115.0
               +-------+-------+-------+-------+-------+----------------------
